 Dungeon Crawl Stone Soup version 0.25.0-11-g1f837a7 (webtiles) character file.

Game seed: 7912773246669721599

15140 XxsatanxX the Cleaver (level 12, -2/112 (113) HPs)
             Began as a Hill Orc Berserker on June 27, 2020.
             Was a High Priest of Trog.
             Killed from afar by a shock serpent (glowing shapeshifter) (19 damage)
             ... with a bolt of electricity
             ... in a Gauntlet.
             The game lasted 00:28:42 (13587 turns).

XxsatanxX the Cleaver (Hill Orc Berserker)         Turns: 13587, Time: 00:28:44

HP:   -2/112 (113)  AC: 27    Str: 21    XL:     12   Next: 23%
MP:   6/12          EV: 10    Int:  7    God:    Trog [*****.]
Gold: 693           SH:  5    Dex: 14    Spells: 11/11 levels left

rFire    . . .     SeeInvis .   D - +0 war axe
rCold    . . .     Gourm    .   B - +0 buckler
rNeg     . . .     Faith    .   t - +3 plate armour
rPois    .         Spirit   .   S - +1 hat
rElec    .         Reflect  .   O - +0 cloak
rCorr    .         Harm     .   r - +0 pair of gloves
MR       +....     NoTele   +   i - +1 pair of boots {Stlth+}
Stlth    ..........             (no amulet)
HPRegen  0.28/turn              f - +4 ring of protection
MPRegen  0.13/turn              F - ring of protection from magic

@: lethally poisoned (-2 -> -14), berserk cooldown, slowed, very slow
A: no striking features
a: Berserk, Trog's Hand, Brothers in Arms, Renounce Religion


You were in a Gauntlet.
You worshipped Trog.
Trog was extremely pleased with you.
You were very hungry.

You visited 2 branches of the dungeon, and saw 13 of its levels.
You also visited: Gauntlet.

You collected 742 gold pieces.
You spent 49 gold pieces at shops.

Inventory:

Hand Weapons
 a - a +0 hand axe
 h - a +0 war axe of flaming
 D - a +0 war axe (weapon)
Missiles
 K - 8 javelins (quivered)
 P - 6 atropa-tipped darts
Armour
 i - a +1 pair of boots of stealth (worn)
 r - a +0 pair of gloves (worn)
 t - a +3 plate armour (worn)
 B - a +0 buckler (worn)
 O - a +0 cloak (worn)
 S - a +1 hat (worn)
Jewellery
 f - a +4 ring of protection (left hand)
 o - an uncursed ring of ice
 q - an uncursed ring of see invisible
 x - the cursed ring of Makhleb's Generosity {*Contam Str+7 Int-4 Slay+6, unknown}
   (You found it on level 1 of the Lair of Beasts)

   [ring of intelligence]

   It affects your strength (+7).
   It affects your intelligence (-4).
   It affects your accuracy and damage with ranged weapons and melee attacks
   (+6).
   It causes magical contamination when unequipped.
   It has a curse placed upon it.
 y - a +4 ring of protection
 E - an uncursed ring of protection from fire
 F - a ring of protection from magic (right hand)
 H - an uncursed ring of poison resistance
 I - an uncursed ring of fire
Wands
 s - a wand of disintegration (11)
 u - a wand of random effects (15)
 v - a wand of polymorph (18)
 A - a wand of paralysis (13)
 G - a wand of acid (9)
 N - a wand of enslavement (2)
Scrolls
 d - 6 scrolls of teleportation
 j - 3 scrolls of fog
 l - 4 scrolls of remove curse
 p - 2 scrolls of magic mapping
 z - a scroll of silence
 J - a scroll of fear
 M - a scroll of identify
 Q - 2 scrolls of blinking {unknown}
 R - a scroll of enchant weapon {unknown}
Potions
 b - 2 potions of heal wounds
 e - a potion of lignification
 g - a potion of invisibility
 k - 5 potions of curing
 n - 4 potions of flight
 w - a potion of cancellation
 C - a potion of magic {unknown}
 L - a potion of mutation {unknown}
Miscellaneous
 m - a lightning rod (4/4)
Comestibles
 c - 22 rations


   Skills:
 + Level 12.4 Fighting
 * Level 13.9 Axes
 + Level 9.9 Armour
 + Level 7.4 Dodging
 - Level 4.0 Shields


You had 11 spell levels left.
You didn't know any spells.
Your spell library was empty.

Dungeon Overview and Level Annotations

Branches:
Dungeon (11/15)            Temple (0/1) D:5            Lair (2/6) D:11
Gauntlet (1/1)
  Swamp: Lair:2-4    Shoals: Lair:2-4     Snake: Lair:2-4    Spider: Lair:2-4
    Orc: D:9-12

Altars:
Uskayaw
Beogh

Shops:
D:6 (   D:7 [   D:10 %

Annotations:
D:7 3 runed translucent doors, boopsy's ghost, novice TrBe Gauntlet 3 transporters


Message History

The mana viper bites you but does no damage.
Your ogre goes berserk!
You are feeling very hungry.
You feel very sick.
The mana viper changes into a shock serpent!
The wind drake flaps its wings at you. The air twists around and strikes you!
* * * LOW HITPOINT WARNING * * *
You feel sick.
The basilisk changes into a hog!
Your ogre rages.
The shock serpent bites you but does no damage.
Your ogre rages.
You see here a pair of runed gloves.
You swap places.
You feel very sick.
Your ogre barely misses the shock serpent.
The shock serpent shoots out a bolt of lightning at you!
The bolt of electricity hits your ogre!!
The bolt of electricity hits you!!
You die...

..8#8..#.#Z#.###
...8...#.#...... #.. ≈##
8.8.8..#.#########...≈≈#
#8.©.8©#©#.........♣.≈#
8.8.8..#.#########.P.##
...8...#.##.#.#.##...≈#
..8#8..#.#.#.#.#.#.P.≈
########.##h#.#=##.♣.≈#
.......#©#.#.#k#@#.P.#
.♣P♣.♣.####.#©#O##...≈#
.........#.#.#S#$#.P.≈≈#
#...P.P♣.##.#.#.##.♣.≈##
#≈...P.P.#########.P.##
≈≈..................≈#
###≈≈≈#≈≈≈#≈≈≈#≈≈≈#≈≈≈
##≈ ##≈###≈###≈###≈# ##
### ## ##


You could see a wind drake shaped shifter (repels missiles), a shock serpent
shaped shifter, a hog shaped shifter and a friendly ogre (summoned, berserk).

Vanquished Creatures
  Erolcha (D:9)
  2 two-headed ogres
  A sixfirhy (Gauntlet)
  Pikel (D:6)
  Maurice (D:10)
  A gargoyle (D:10)
  A spiny frog (Lair:1)
  A kobold demonologist (D:11)
  A rime drake (Lair:1)
  A komodo dragon (D:11)
  A hornet (D:10)
  3 hippogriffs
  A spriggan (D:7)
  Grum (D:9)
  Eustachio (D:6)
  11 yaks (Lair:1)
  A wyvern (D:11)
  2 hungry ghosts
  2 large abominations (Gauntlet)
  2 wargs (D:11)
  5 water moccasins
  Duvessa (D:6)
  2 porcupines (Lair:1)
  6 orc warriors
  An ice beast (D:10)
  A sky beast (D:10)
  A slave (D:6)
  5 small abominations (Gauntlet)
  2 ogres
  An eye of draining (D:10)
  2 phantoms
  A necrophage (D:10)
  9 wolves
  5 centaurs
  2 crocodiles (Lair:1)
  4 bullfrogs
  A big kobold (D:7)
  A wyvern zombie (D:6)
  Dowan (D:6)
  A water moccasin skeleton (D:6)
  2 scorpions
  12 killer bees
  3 crimson imps
  2 bullfrog zombies
  3 centaur skeletons
  7 hounds
  6 orc priests
  2 jellies
  A bullfrog skeleton (D:10)
  2 iguanas (D:7)
  10 orc wizards
  8 worker ants
  A killer bee zombie (D:8)
  A hound zombie (D:7)
  3 hound skeletons
  2 worker ant zombies
  3 gnolls (D:5)
  6 adders
  A shadow imp (D:10)
  2 ufetubi (Gauntlet)
  4 oozes
  An adder skeleton (D:6)
  An adder zombie (D:5)
  3 worms
  3 dart slugs
  3 leopard geckos
  37 orcs
  4 giant cockroaches
  10 goblins
  7 hobgoblins
  10 jackals
  4 quokkas
  5 bats
  6 frilled lizards
  A giant cockroach zombie (D:5)
  A jackal skeleton (D:6)
  14 kobolds
  A quokka zombie (D:8)
  4 rats
  A butterfly (Lair:1)
285 creatures vanquished.

Vanquished Creatures (others)
  2 fungi (Lair:1)
2 creatures vanquished.

Grand Total: 287 creatures vanquished

Notes
Turn   | Place    | Note
-------+----------+-------------------------------------------
     0 | D:1      | XxsatanxX the Hill Orc Berserker began the quest for the
                  | Orb.
     0 | D:1      | Reached XP level 1. HP: 19/19 MP: 1/1
   205 | D:1      | Reached XP level 2. HP: 15/27 MP: 2/2
  1233 | D:2      | Reached XP level 3. HP: 11/33 MP: 3/3
  1648 | D:2      | Reached ** piety under Trog
  1648 | D:2      | Reached XP level 4. HP: 19/41 MP: 4/4
  2576 | D:3      | Reached skill level 5 in Fighting
  2742 | D:3      | Reached XP level 5. HP: 48/48 MP: 5/5
  2743 | D:3      | Noticed a phantom
  2785 | D:3      | Killed a phantom
  2785 | D:3      | Reached skill level 5 in Axes
  3206 | D:3      | Reached XP level 6. HP: 50/57 MP: 6/6
  3986 | D:4      | Found a hide-covered altar of Uskayaw.
  4211 | D:4      | You fall into a shaft and drop 1 floor!
  4211 | D:5      | Entered Level 5 of the Dungeon
  4234 | D:5      | Reached XP level 7. HP: 61/64 MP: 7/7
  4284 | D:5      | Noticed a hungry ghost
  4319 | D:5      | Killed a hungry ghost
  4390 | D:5      | Reached skill level 6 in Axes
  4791 | D:5      | Found a staircase to the Ecumenical Temple.
  5333 | D:6      | Noticed Eustachio
  5415 | D:6      | Killed Eustachio
  5415 | D:6      | Reached XP level 8. HP: 67/74 MP: 8/8
  5521 | D:6      | Noticed Duvessa
  5521 | D:6      | Noticed Dowan
  5542 | D:6      | Killed Dowan
  5542 | D:6      | Reached skill level 5 in Armour
  5548 | D:6      | Killed Duvessa
  5548 | D:6      | Reached skill level 7 in Axes
  5664 | D:6      | Reached *** piety under Trog
  5882 | D:6      | Found Sanybre's Weapon Emporium.
  5987 | D:6      | Noticed Pikel
  6001 | D:6      | Killed Pikel
  6001 | D:6      | Reached XP level 9. HP: 84/84 MP: 9/9
  6537 | D:7      | Found a runed translucent gate.
  6538 | D:7      | Noticed boopsy's ghost (novice TrBe)
  6538 | D:7      | Found a runed translucent gate.
  6545 | D:7      | Found a runed translucent gate.
  6549 | D:7      | Identified the +5 trident of Prudence {drain, Fragile rPois
                  | rN+}
  6550 | D:7      | Found a roughly hewn altar of Beogh.
  6634 | D:7      | Reached skill level 8 in Axes
  6882 | D:7      | Found Hadghenk's Armour Boutique.
  6885 | D:7      | Bought a +0 pair of boots for 49 gold pieces
  7333 | D:7      | Reached skill level 10 in Fighting
  7555 | D:7      | Reached skill level 1 in Shields
  7767 | D:8      | Reached skill level 5 in Dodging
  7961 | D:8      | Noticed a two-headed ogre
  7975 | D:8      | Killed a two-headed ogre
  7975 | D:8      | Reached skill level 9 in Axes
  7975 | D:8      | Reached XP level 10. HP: 87/94 MP: 10/10
  9261 | D:9      | Noticed Erolcha
  9274 | D:9      | Killed Erolcha
  9274 | D:9      | Reached skill level 10 in Axes
  9796 | D:9      | Noticed Grum
  9821 | D:9      | Killed Grum
  9973 | D:9      | Noticed a two-headed ogre
  9988 | D:9      | Killed a two-headed ogre
 10251 | D:10     | Entered Level 10 of the Dungeon
 10257 | D:10     | Reached skill level 11 in Axes
 10327 | D:10     | Reached XP level 11. HP: 95/102 MP: 11/11
 10674 | D:10     | Reached **** piety under Trog
 10786 | D:10     | Found Fyjyut's Food Emporium.
 10962 | D:10     | Noticed Maurice
 10977 | D:10     | Reached skill level 12 in Axes
 11022 | D:10     | Killed Maurice
 11564 | D:11     | Found a staircase to the Lair.
 11607 | D:11     | Noticed a soul eater
 11661 | Lair:1   | Entered Level 1 of the Lair of Beasts
 11819 | Lair:1   | Got a brightly glowing granite ring
 12114 | Lair:1   | Reached ***** piety under Trog
 12114 | Lair:1   | Reached skill level 13 in Axes
 12511 | Lair:1   | Reached XP level 12. HP: 59/111 MP: 12/12
 13187 | Lair:2   | Found a gate leading to a gauntlet.
 13234 | Gauntlet | Entered a Gauntlet
 13234 | Gauntlet | Found a transporter.
 13238 | Gauntlet | Found a transporter.
 13277 | Gauntlet | Found a transporter.
 13403 | Gauntlet | Found a transporter.
 13455 | Gauntlet | Found a transporter.
 13455 | Gauntlet | Found a transporter.
 13455 | Gauntlet | Found a transporter.
 13494 | Gauntlet | Noticed an anaconda
 13494 | Gauntlet | a shining eye changed into an anaconda
 13495 | Gauntlet | an anaconda changed into a slime creature
 13499 | Gauntlet | Noticed a spark wasp
 13499 | Gauntlet | a slime creature changed into a spark wasp
 13503 | Gauntlet | Noticed an entropy weaver
 13503 | Gauntlet | a spark wasp changed into an entropy weaver
 13504 | Gauntlet | Noticed a minotaur
 13504 | Gauntlet | an entropy weaver changed into a minotaur
 13505 | Gauntlet | Noticed an emperor scorpion
 13505 | Gauntlet | a minotaur changed into an emperor scorpion
 13507 | Gauntlet | Noticed a minotaur
 13507 | Gauntlet | an emperor scorpion changed into a minotaur
 13513 | Gauntlet | Noticed a dire elephant
 13513 | Gauntlet | a minotaur changed into a dire elephant
 13516 | Gauntlet | Noticed a frost giant
 13516 | Gauntlet | a dire elephant changed into a frost giant
 13522 | Gauntlet | Noticed a sphinx
 13522 | Gauntlet | a frost giant changed into a sphinx
 13525 | Gauntlet | Noticed a stone giant
 13525 | Gauntlet | a sphinx changed into a stone giant
 13527 | Gauntlet | Noticed a hell hog
 13529 | Gauntlet | Noticed a frost giant
 13529 | Gauntlet | a stone giant changed into a frost giant
 13533 | Gauntlet | Noticed an alligator snapping turtle
 13533 | Gauntlet | a frost giant changed into an alligator snapping turtle
 13543 | Gauntlet | Noticed an iron troll
 13543 | Gauntlet | an alligator snapping turtle changed into an iron troll
 13543 | Gauntlet | Found a transporter.
 13545 | Gauntlet | Noticed a quicksilver dragon
 13545 | Gauntlet | an iron troll changed into a quicksilver dragon
 13554 | Gauntlet | Noticed a dire elephant
 13554 | Gauntlet | a quicksilver dragon changed into a dire elephant
 13557 | Gauntlet | Noticed an emperor scorpion
 13557 | Gauntlet | a dire elephant changed into an emperor scorpion
 13568 | Gauntlet | Noticed a six-headed hydra
 13568 | Gauntlet | an emperor scorpion changed into a six-headed hydra
 13570 | Gauntlet | Noticed a fire dragon
 13570 | Gauntlet | an eight-headed hydra changed into a fire dragon
 13572 | Gauntlet | a fire dragon changed into a sea snake
 13573 | Gauntlet | Noticed a shock serpent
 13573 | Gauntlet | a sea snake changed into a shock serpent
 13574 | Gauntlet | a shock serpent changed into a sea snake
 13585 | Gauntlet | Noticed a shock serpent
 13585 | Gauntlet | a mana viper changed into a shock serpent
 13587 | Gauntlet | Killed from afar by a shock serpent (glowing shapeshifter)

Illustrated notes

Levels and vault maps discovered:
D:1:      matt_arrival_los_fun, layout_basic
D:2:      kennysheep_the_goblin_king, layout_loops_ring, first_ration
D:3:      layout_basic
D:4:      layout_gridville, kennysheep_mini_moat
D:5:      layout_basic, minmay_temple_entry_tees
D:6:      layout_loops_ring, serial_shops, nicolae_shop_window_shopping,
          uniq_pikel, uniq_eustachio, uniq_duvessa
D:7:      layout_rooms, serial_shops, nicolae_shop_behind_doors,
          biasface_ghost_orc_armoury, the_bakery
D:8:      layout_basic, serial_glass, glass_columns_a, glass_columns_a,
          minmay_strange_pillars, minmay_strange_pillars
D:9:      layout_loops_corners, uniq_grum, uniq_erolcha
D:10:     layout_rooms, serial_shops, shop, uniq_maurice
D:11:     nzn_motion_control, layout_irregular_city, erik_lair_orcish_takeover,
          hiddenorc1_lemuel, gammafunk_ghost_spectres
Lair:1:   layout_roguey, nicolae_quartered_pool_super, grunt_megastairs_2,
          infiniplex_staircase_pool, lemuel_fruit_fields, lemuel_fruit_fields
Lair:2:   layout_gridlike, gammafunk_ghost_grave, gauntlet_entry_generic,
          infiniplex_staircase_pool_2, uniq_maggie
Gauntlet: minmay_gauntlet_77_tree [minmay_gauntlet_arena_77_chump_sandwich,
          minmay_gauntlet_arena_77_terracotta_army,
          minmay_gauntlet_arena_77_squiggly, minmay_gauntlet_arena_77_checkered,
          minmay_gauntlet_arena_77_block_sizes,
          minmay_gauntlet_arena_77_shame_cube, minmay_gauntlet_arena_77_cramped,
          gauntlet_exit_watery]

Skill      XL: |  1  2  3  4  5  6  7  8  9 10 11 |
---------------+----------------------------------+-----
Fighting       | 4 5 6 7 9 10 11 12 | 12.4
Dodging        | 2 3 4 5 6 7 |  7.4
Armour         | 3 4 6 7 8 9 |  9.9
Axes           | 5 6 7 9 11 13 | 13.9
Shields        | 2 4 |  4.0

Action                   |  1- 3 |  4- 6 |  7- 9 | 10-12 || total
-------------------------+-------+-------+-------+-------++-------
Melee: Hand axe          |    92 |   207 |   529 |   158 ||   986
       War axe           |       |       |       |   534 ||   534
       Unarmed           |       |       |       |     1 ||     1
Invok: Berserk           |     1 |     1 |     8 |    10 ||    20
       Trog's Hand       |       |     1 |     6 |     6 ||    13
       Brothers in Arms  |       |       |       |     1 ||     1
  Use: Scroll            |       |     4 |     6 |    12 ||    22
 Stab: Sleeping          |     1 |       |       |       ||     1
  Eat: Chunk             |     2 |     9 |    19 |    23 ||    53
       Ration            |       |       |     2 |     3 ||     5
Armor: Animal skin       |    22 |     1 |       |       ||    23
       Ring mail         |       |    75 |    47 |       ||   122
       Chain mail        |       |       |   186 |       ||   186
       Plate armour      |       |       |   139 |   439 ||   578
Dodge: Dodged            |    58 |   123 |   317 |   291 ||   789
Block: Buckler           |       |       |    18 |   175 ||   193
